 Dungeon Crawl Stone Soup version 0.23.2-1-ga50397a6bc (webtiles) character file.

Game seed: 3131994768483094792

24 Menchi the Skirmisher (level 3, 0/36 HPs)
             Began as a Naga Fighter on May 16, 2019.
             Slain by a gnoll
             ... wielding a cursed -2 halberd
              (9 damage)
             ... on level 2 of the Dungeon.
             The game lasted 00:01:52 (1359 turns).

Menchi the Skirmisher (Naga Fighter)                Turns: 1359, Time: 00:01:53

Health: 0/36       AC:  4    Str: 19    XL:     3   Next: 2%
Magic:  3/3        EV:  7    Int:  8    God:
Gold:   46         SH:  0    Dex: 10    Spells: 2/2 levels left

rFire    . . .     SeeInvis +   a - +0 trident
rCold    . . .     Gourm    .   (no shield)
rNeg     . . .     Faith    .   b - +0 scale mail
rPois    +         Spirit   .   (no helmet)
rElec    .         Reflect  .   (no cloak)
rCorr    +         Harm     .   (no gloves)
MR       .....                  (no barding)
Stlth    ..........             (no amulet)
HPRegen  0.12/turn              g - ring of resist corrosion
MPRegen  0.08/turn              (no ring)

@: very slightly contaminated, very slow
A: large, see invisible, deformed body, poison resistance, slowness 2, slow
metabolism 1, spit poison 1, AC +1
a: Spit Poison


You were on level 2 of the Dungeon.
You were hungry.

You visited 1 branch of the dungeon, and saw 2 of its levels.

You collected 46 gold pieces.

Inventory:

Hand Weapons
 a - a +0 trident (weapon)
Armour
 b - a +0 scale mail (worn)
 c - a +0 shield
Jewellery
 g - a ring of resist corrosion (left hand)
 j - a cursed amulet of inaccuracy {unknown}
 l - an uncursed ring of positive energy {unknown}
Scrolls
 i - a scroll of teleportation {unknown}
 m - a scroll of fear {unknown}
 n - a scroll of remove curse {unknown}
Potions
 d - a potion of might
 h - a potion of degeneration {unknown}
 k - a potion of resistance {unknown}
Comestibles
 f - 4 rations


   Skills:
 * Level 3.7 Fighting
 - Level 2.0 Polearms
 - Level 2.4 Armour
 * Level 0.6 Dodging
 + Level 2.6 Shields


You had 2 spell levels left.
You didn't know any spells.
Your spell library was empty.

Dungeon Overview and Level Annotations

Branches:
Dungeon (2/15)

Altars:
Vehumet


Innate Abilities, Weirdness & Mutations

You cannot wear boots.
Your serpentine skin is tough. (AC +1)
You have supernaturally acute eyesight. (SInv)
Armour fits poorly on your strangely shaped body.
Your system is resistant to poisons. (rPois)
You cover ground very slowly.
You have a slow metabolism.
You can spit poison.


Message History

The gnoll is heavily wounded.
The rat bites you but does no damage. The rat barely misses you.
The gnoll completely misses you. The gnoll hits you.
You closely miss the gnoll.
The gnoll is heavily wounded.
The rat barely misses you. The rat bites you. The gnoll barely misses you.
The gnoll hits you but does no damage.
The gnoll hits you from afar with a cursed -2 halberd!
The rat bites you but does no damage. The rat bites you.
* * * LOW HITPOINT WARNING * * *
Okay, then.
Blink to where?
Press: ? - help, Dir - move target cursor You are very lightly contaminated with residual magic.
As you read the scroll labeled VYXUST INGORUREGH, it crumbles to dust.
It was a scroll of blinking.
The leopard gecko bites you.
* * * LOW HITPOINT WARNING * * *
The gnoll barely misses you.
The gnoll hits you from afar with a cursed -2 halberd!
You die...

##..............
##.###.gS.......
...#####rrK.....
# #....#gg......
#....#.#b.....
#....#g#......
#....g.#...?..
#####.....##
#.#.# .......@l##
.. .
#####............
#....##.....
###### .... ...
.. .


You could see 2 gnolls, a leopard gecko, a hobgoblin and a kobold.

Vanquished Creatures
  2 leopard geckos (D:1)
  6 goblins (D:1)
  3 hobgoblins (D:1)
  3 kobolds (D:1)
  3 bats (D:1)
  3 frilled lizards (D:1)
  3 rats (D:1)
23 creatures vanquished.

Notes
Turn   | Place    | Note
-------+----------+-------------------------------------------
     0 | D:1      | Menchi the Naga Fighter began the quest for the Orb.
     0 | D:1      | Reached XP level 1. HP: 21/21 MP: 1/1
   226 | D:1      | Reached XP level 2. HP: 28/28 MP: 2/2
  1202 | D:1      | Reached XP level 3. HP: 29/36 MP: 3/3
  1346 | D:2      | Found a radiant altar of Vehumet.
  1359 | D:2      | Slain by a gnoll

Action                   || total
-------------------------++-------
Melee: Trident           ||    92
  Use: Scroll            ||     1
Armor: Scale mail        ||    36
Dodge: Dodged            ||    56
